 Dungeon Crawl Stone Soup version 0.31-a0-1074-g0b22e4e0f1 (webtiles) character file.

Game seed: 2264297052634366811

693 tbh1313 the Cleaver (level 7, -4/57 HPs)
             Began as a Minotaur Berserker on Dec 1, 2023.
             Was a Believer of Trog.
             Killed from afar by Pikel (17 damage)
             ... with an iceblast
             ... on level 4 of the Dungeon.
             The game lasted 00:10:31 (3232 turns).

tbh1313 the Cleaver (Minotaur Berserker)            Turns: 3232, Time: 00:10:32

Health: -4/57      AC:  8    Str: 21    XL:     7   Next: 37%
Magic:  6/6        EV:  8    Int:  6    God:    Trog [**....]
Gold:   207        SH:  0    Dex: 10    Spells: 6/6 levels left

rFire   . . .        a - +0 hand axe
rCold   . . .        (no shield)
rNeg    . . .        e - +0 chain mail
rPois   .            (helmet restricted)
rElec   .            (no cloak)
rCorr   .            (no gloves)
SInv    .            (no boots)
Will    .....        (no amulet) Stlth
                     (no ring)
HPRegen 0.29/turn    (no ring)
MPRegen 0.10/turn

%: no passive effects
@: mighty, about to teleport, on berserk cooldown, slowed, very slow
A: horns 2, retaliatory headbutt
a: Renounce Religion, Berserk, Trog's Hand


You were on level 4 of the Dungeon.
You worshipped Trog.
Trog was pleased with you.
You visited 1 branch of the dungeon, and saw 4 of its levels.

You collected 207 gold pieces.

Inventory:

Hand Weapons
 a - a +0 hand axe (weapon)
 h - a +0 war axe
 p - a +0 war axe
Armour
 b - a +0 animal skin
 e - a +0 chain mail (worn)
Scrolls
 n - a scroll of blinking {unknown}
 o - 3 scrolls of fog {unknown}
 q - a scroll of identify
 r - a scroll of amnesia {unknown}
 s - 2 scrolls of vulnerability {unknown}
 t - a scroll of torment {unknown}
 u - a scroll of fear {unknown}
 v - a scroll of noise {unknown}
Potions
 c - a potion of degeneration {unknown}
 d - 3 potions of might
 g - 2 potions of heal wounds
 i - 4 potions of attraction
 j - a potion of enlightenment {unknown}
 k - a potion of invisibility {unknown}
 l - 2 potions of curing {unknown}
 m - a potion of resistance {unknown}


   Skills:
 - Level 3.6 Fighting
 + Level 10.4 Axes
 - Level 2.4 Armour
 - Level 2.1 Dodging


You had 6 spell levels left.
You didn't know any spells.
Your spell library contained the following spells:

 Spells                   Type           Power      Damage    Failure   Level
 Magic Dart               Conj           0%         1d3       98%         1
 Call Imp                 Summ           0%         N/A       99%         2
 Mephitic Cloud           Conj/Pois/Air  0%         N/A       100%        3
 Anguish                  Hex/Necr       0%         N/A       100%        4
 Cause Fear               Hex            0%         N/A       100%        4
 Enfeeble                 Hex            0%         N/A       100%        7


Dungeon Overview and Level Annotations

Branches:
Dungeon (4/15)
 Temple: D:4-7

Altars:
Gozag
Ru
Xom

Annotations:
D:4 Pikel


Innate Abilities, Weirdness & Mutations

You have a pair of horns on your head.
You reflexively headbutt those who attack you in melee.


Message History

The lemure closely misses you. You furiously retaliate!
You headbutt the lemure!!
You kill the lemure!
That felt strangely unrewarding.
You start resting.
You feel a strong urge to attack something.
You start resting.
You feel your anger nearly subside.
You are no longer berserk.
You are exhausted.
You feel yourself slow down.
You start resting.
Pikel is nearby!
Pikel is nearby!
Pikel shouts!
There is an open door here.
You close the door.
You start resting.
Pikel, Merchant of Souls opens the door.
He is wielding a +2 whip of electrocution and carrying a wand of iceblast.
You feel very mighty all of a sudden.
You slash Pikel! Your punch misses Pikel.
Pikel is lightly wounded.
Pikel hits you with a +2 whip of electrocution!
You miss Pikel.
Pikel is lightly wounded.
The lemure shouts!
Pikel hits you with a +2 whip of electrocution.
You are electrocuted!!
* * * LOW HITPOINT WARNING * * *
Pikel hits you with a +2 whip of electrocution.
* * * LOW HITPOINT WARNING * * *
As you read the scroll of teleportation, it crumbles to dust.
You feel strangely unstable.
Pikel hits you with a +2 whip of electrocution.
* * * LOW HITPOINT WARNING * * *
Pikel attacks as he pursues you!
Pikel hits you with a +2 whip of electrocution.
* * * LOW HITPOINT WARNING * * *
Pikel zaps a wand.
The mass of ice explodes!
The iceblast engulfs you!
You die...
Pikel says, "See you in Hell!"

.##.......##...### #.#.#.#
...........).....# .#.#.#.#
.................# ...#.#.#.#
........>........# ...#.#.#.#
.##.###'####.##### #..#.#.#.#####
.##.##..####.##..###..#.#.#..#...
.........#....'.........#.#......
....#....#....#........##.#......
....#....#....#.@......#.........
....#....#....#........#.........
###.#....######.K###..####..##.#.
###.#....#...###5###..####<.##.##
..#.#...............(...........#
..#.#...........................#
..#.#####........##.....##......#
..#.†...#...<....##.....##......#
..#####.#.........'.....##......#


You could see Pikel and a lemure.

Levels and vault maps discovered:
D:1:      dpeg_arrival_water_fire, layout_basic,
          shapermc_ecumenical_altar_mp_ritualfount
D:2:      layout_rooms, basic_altar, grunt_ministairs_9
D:3:      minmay_bubble_buster, layout_rooms, mainiacjoe_overflow_paths,
          dk_noncrumbling_2, uniq_terence, uniq_jessica, uniq_natasha
D:4:      layout_gridville, nicolae_gozag_cash_rules_everything_around_me,
          serial_co_window_serial, co_window_paths_a, co_window_paths_a,
          co_window_paths_a, co_window_paths_a, co_window_of_opportunity_a,
          co_window_corner_a, co_window_paths_b, co_window_paths_c,
          co_window_corner_cb, co_window_of_opportunity_b, co_window_broadway_b,
          co_window_broadway_c, co_window_broadway_b, glass_columns_c,
          glass_columns_c, uniq_pikel, uniq_blork_the_orc, uniq_menkaure

Notes
Turn   | Place    | Note
-------+----------+-------------------------------------------
     0 | D:1      | tbh1313 the Minotaur Berserker began the quest for the Orb.
     0 | D:1      | Reached XP level 1. HP: 19/19 MP: 0/0
   135 | D:1      | Reached skill level 4 in Axes
   256 | D:1      | Reached XP level 2. HP: 18/26 MP: 1/1
   417 | D:1      | You fall into a shaft and drop 1 floor!
   453 | D:2      | Reached skill level 5 in Axes
   453 | D:2      | Reached XP level 3. HP: 29/31 MP: 2/2
   710 | D:2      | Found a shimmering altar of Xom.
   761 | D:1      | Reached ** piety under Trog
   811 | D:1      | Found a faded altar of an unknown god.
  1382 | D:3      | Reached skill level 6 in Axes
  1382 | D:3      | Reached XP level 4. HP: 27/39 MP: 3/3
  1469 | D:3      | Noticed Jessica
  1475 | D:3      | Killed Jessica
  1555 | D:3      | Noticed Terence
  1561 | D:3      | Killed Terence
  1625 | D:3      | Found a sacrificial altar of Ru.
  1628 | D:3      | Noticed Natasha
  1639 | D:3      | Killed Natasha
  1640 | D:3      | Reached skill level 7 in Axes
  1640 | D:3      | Reached XP level 5. HP: 36/45 MP: 4/4
  1843 | D:3      | Noticed Natasha
  1851 | D:3      | Killed Natasha
  1952 | D:3      | Noticed Natasha
  1960 | D:3      | Killed Natasha
  2141 | D:4      | Noticed Pikel
  2141 | D:4      | Noticed a lemure
  2141 | D:4      | Noticed a lemure
  2141 | D:4      | Noticed a lemure
  2141 | D:4      | Noticed a lemure
  2141 | D:4      | Noticed an ogre
  2148 | D:3      | Killed an ogre
  2149 | D:3      | Reached skill level 8 in Axes
  2149 | D:3      | Reached XP level 6. HP: 8/51 MP: 5/5
  2459 | D:4      | Found an opulent altar of Gozag.
  2476 | D:4      | Noticed a steam dragon
  2489 | D:4      | Killed a steam dragon
  2490 | D:4      | Reached skill level 9 in Axes
  2665 | D:4      | Noticed Menkaure
  2670 | D:4      | Killed Menkaure
  2671 | D:4      | Reached skill level 10 in Axes
  2671 | D:4      | Reached XP level 7. HP: 31/57 MP: 6/6
  2916 | D:4      | Noticed Blork the orc
  2929 | D:4      | Killed Blork the orc
  3232 | D:4      | Killed from afar by Pikel

Table legend: (Time is in decaauts)
 A = Elapsed time spent in this place.
 B = Non-inter-level travel time spent in this place.
 C = Inter-level travel time spent in this place.
 D = Time resting spent in this place.
 E = Time spent auto-exploring this place.
 F = Levels seen in this place.
 G = Mean time per level.
                   A        B        C        D        E       F      G
               +--------+--------+--------+--------+--------+-----+--------+
         Total |   3327 |   3255 |     72 |    646 |   2098 |   4 |  831.8 |
       Dungeon |   3327 |   3255 |     72 |    646 |   2098 |   4 |  831.8 |
               +--------+--------+--------+--------+--------+-----+--------+

Top non-repeatable levels by time:
     D:3: 1032 daAuts
     D:4: 957 daAuts
     D:1: 818 daAuts
     D:2: 518 daAuts

Table legend:
 A = Kills in this place as a percentage of kills in the entire game.
 B = Kills by you in this place as a percentage of kills by you in the entire game.
 C = Kills by friends in this place as a percentage of kills by friends in the entire game.
 D = Other kills in this place as a percentage of other kills in the entire game.
 E = Experience gained in this place as a percentage of experience gained in the entire game.
 F = Experience gained in this place divided by the number of levels of this place that you have seen.
                   A       B       C       D       E      F
               +-------+-------+-------+-------+-------+----------------------
         Total | 100.0 | 100.0 |   N/A |   N/A | 100.0 | 247.5
       Dungeon | 100.0 | 100.0 |   N/A |   N/A | 100.0 | 247.5
               +-------+-------+-------+-------+-------+----------------------

Action                     |  1- 3 |  4- 6 |  7- 9 || total
---------------------------+-------+-------+-------++-------
  Melee: Hand axe          |    87 |    81 |    30 ||   198
         Headbutt          |    20 |    22 |     4 ||    46
         Punch             |     1 |     1 |     2 ||     4
 Invoke: Berserk           |       |     8 |     2 ||    10
    Use: Scroll            |     4 |     2 |     1 ||     7
         Potion            |       |       |     1 ||     1
 Armour: Animal skin       |    11 |       |       ||    11
         Chain mail        |    56 |    76 |    25 ||   157
  Dodge: Dodged            |    36 |    37 |    16 ||    89

Vanquished Creatures
  A steam dragon (D:4)
  Menkaure (D:4)
  An ogre (D:3)
  3 lemures (D:4)
  Blork the orc (D:4)
  An orc priest (D:4)
  Jessica (D:3)
  Terence (D:3)
  Natasha (thrice) (D:3)
  3 adders
  3 worms
  5 dart slugs
  11 orcs
  7 endoplasms
  3 giant cockroaches
  6 goblins
  7 hobgoblins
  2 jackals (D:4)
  8 kobolds
  2 quokkas
  5 ball pythons
  6 bats
  5 frilled lizards
  4 rats
90 creatures vanquished.
